 Dungeon Crawl Stone Soup version 0.26-a0-660-gc07710193c (webtiles) character file.

Game seed: 9475593433819299280

22503 Roikka the Cleaver (level 13, -6/116 HPs)
             Began as a Hill Orc Monk on Oct 8, 2020.
             Was a High Priest of Beogh.
             Splashed by an oklob plant's acid (11 damage)
             ... on level 2 of the Lair of Beasts.
             The game lasted 01:00:55 (17113 turns).

Roikka the Cleaver (Hill Orc Monk)                 Turns: 17113, Time: 01:00:56

Health: -6/116     AC: 12    Str: 19    XL:     13   Next: 0%
Magic:  22/22      EV:  8    Int: 10    God:    Beogh [*****.]
Gold:   1026       SH: 13    Dex: 13    Spells: 12/12 levels left

rFire    + . .     SeeInvis .   a - +2 hand axe (venom)
rCold    + . .     Faith    .   C - +3 warlock's mirror {reflect}
rNeg     + . .     Spirit   .   F - +0 plate armour
rPois    .         Reflect  +   n - +1 helmet
rElec    .         Harm     .   (no cloak)
rCorr    .         Rampage  .   G - +1 pair of gloves
MR       +....                  i - +0 pair of boots
Stlth    ..........             u - amulet "Deukkuto" {Reflect +Inv rF+ rC+ SH+5}
HPRegen  0.29/turn              H - ring of protection from magic
MPRegen  0.18/turn              t - ring of positive energy

@: corroded, flying
A: walk on water
a: Smiting, Recall Orcish Followers, Give Item to Named Follower, Renounce
Religion, Evoke Invisibility


You were on level 2 of the Lair of Beasts.
You worshipped Beogh.
Beogh was extremely pleased with you.
You visited 3 branches of the dungeon, and saw 14 of its levels.
You also visited: Ossuary.

You collected 1026 gold pieces.

Inventory:

Hand Weapons
 a - a +2 hand axe of venom (weapon)
 b - a +1 flail of protection
 x - a +0 vorpal war axe
 M - a +0 glaive
Missiles
 j - a throwing net (quivered)
Armour
 c - a +2 buckler of resistance
 i - a +0 pair of boots (worn)
 n - a +1 helmet (worn)
 C - the +3 warlock's mirror (worn) {reflect}
   (You found it on level 11 of the Dungeon)
 F - a +0 plate armour (worn)
 G - a +1 pair of gloves (worn)
Jewellery
 q - an uncursed ring of protection from fire
 t - a ring of positive energy (right hand)
 u - the amulet "Deukkuto" (around neck) {Reflect +Inv rF+ rC+ SH+5}
   (You found it on level 8 of the Dungeon)

   [amulet of reflection]

   It shields you and reflects attacks.
   It protects you from fire.
   It protects you from cold.
   It lets you turn invisible.
   It affects your SH (+5).
 v - an uncursed ring of protection from cold
 H - a ring of protection from magic (left hand)
 J - an uncursed ring of fire
 K - an uncursed amulet of magic regeneration {unknown}
 P - an uncursed amulet of reflection {unknown}
 R - a cursed amulet of inaccuracy {unknown}
Wands
 A - a wand of acid (9)
 L - a wand of digging (6)
 O - a wand of flame (19)
Scrolls
 f - 4 scrolls of remove curse
 p - 2 scrolls of fear
 r - 2 scrolls of enchant armour
 s - 6 scrolls of magic mapping
 y - a scroll of identify
 B - 9 scrolls of teleportation
 N - 4 scrolls of blinking
 Q - a scroll of enchant weapon
Potions
 d - 7 potions of curing
 e - 3 potions of ambrosia {unknown}
 g - 6 potions of flight
 h - 2 potions of brilliance {unknown}
 k - 3 potions of degeneration {unknown}
 l - 3 potions of haste {unknown}
 m - a potion of lignification {unknown}
 o - 8 potions of stabbing
 z - 2 potions of mutation
 D - a potion of resistance {unknown}
 E - 3 potions of magic
 I - 2 potions of heal wounds {unknown}
Miscellaneous
 w - a lightning rod (4/4)


   Skills:
 + Level 11.3 Fighting
 + Level 14.8 Axes
 + Level 9.9 Armour
 + Level 5.2 Dodging
 - Level 1.5 Stealth
 - Level 4.0 Shields
 + Level 12.1 Invocations
 - Level 5.0 Evocations


You had 12 spell levels left.
You didn't know any spells.
Your spell library contained the following spells:

 Spells                   Type           Power        Failure   Level
 Corona                   Hex            #......      100%        1
 Ensorcelled Hibernation  Hex/Ice        #.....       100%        2
 Confusing Touch          Hex            #.......     100%        3
 Dazzling Flash           Conj/Hex       #.....       100%        3
 Gell's Gravitas          Tloc           #.........   100%        3
 Tukima's Dance           Hex            #.......     100%        3
 Petrify                  Tmut/Erth      #.......     100%        4
 Metabolic Englaciation   Hex/Ice        #.........   100%        5
 Yara's Violent Unravell  Hex/Tmut       #.........   100%        5


Dungeon Overview and Level Annotations

Branches:
Dungeon (11/15)            Temple (1/1) D:5            Lair (2/6) D:11
    Orc (0/2) D:11        Ossuary (visited)
  Swamp: Lair:2-4    Shoals: Lair:2-4     Snake: Lair:2-4    Spider: Lair:2-4

Altars:
Cheibriados
Dithmenos
Elyvilon
Fedhas
Gozag
Hepliaklqana
Okawaru
Ru
Sif Muna
Trog
Uskayaw
Yredelemnul
The Shining One
Beogh

Annotations:
Lair:2 exclusion: 3 oklob plants


Message History

The splash of acid hits you.
* * * LOW HITPOINT WARNING * * *
You are splashed with acid!
* * * LOW HITPOINT WARNING * * *
You hit the oklob plant.
The oklob plant is heavily damaged.
Your orc knight hits the plant with a +0 flail.
The plant begins to die.
Unknown command.
It was a potion of flight.
You feel very buoyant.
You fly up into the air.
Wargrak hits the oklob plant with a +0 short sword!!
The oklob plant is destroyed!
Beogh accepts your kill.
You have reached level 13!
The oklob plant spits acid at you.
The splash of acid hits you but does no damage.
You are splashed with acid!
You die...

#.....## ##.# #......#
#..## ##......#####..###
#...##..#P..#..#.#
#..###....>.)...## ##o##
#.#.#..#....## #..#
##..#..####..# ###..#
#...(##.###..#
.....#....#...##@#######
#P...##.###.......P}$P.#
##....###.........$....#
PP..#.............oo$P.#
...................o..?#
###..≈..#........P!.?)}#
##≈.≈≈...........#######
P..≈≈≈≈.#.....####
..≈≈≈≈≈...#..##


You could see 3 oklob plants, a friendly orc knight (strong), the friendly Hawl
the orc knight (strong) and the friendly Wargrak the orc knight (strong).

Vanquished Creatures
  Josephine (D:11)
  2 hydras
  Erica (D:10)
  A two-headed ogre (D:9)
  An unseen horror (D:8)
  An orc knight (D:11)
  2 cyclopes
  Psyche (D:11)
  A cane toad (shapeshifter) (D:9)
  6 cane toads
  The ghost of Decritt the Conjurer, a novice DECj (D:4)
  4 trolls
  6 wyverns
  A wraith (D:11)
  A yak (Lair:2)
  A basilisk (D:9)
  An acid dragon (D:11)
  7 water moccasins
  2 sky beasts
  2 ice beasts
  An orc warrior (D:9)
  3 phantoms
  2 black bears
  2 wolves (Lair:1)
  4 ogres
  4 centaurs
  A necrophage (D:9)
  2 big kobolds
  2 elf zombies (D:7)
  7 bullfrogs
  7 scorpions
  6 killer bees
  A howler monkey (D:6)
  A crimson imp (D:7)
  3 bullfrog zombies
  2 human zombies (D:7)
  7 hounds
  2 centaur skeletons
  5 orc priests
  5 orc wizards
  3 human skeletons (D:7)
  Natasha (thrice) (D:3)
  3 iguanas
  4 worker ants
  A killer bee zombie (D:6)
  6 big kobold zombies (Ossuary)
  A hound zombie (D:6)
  A mummy (Ossuary)
  A worker ant zombie (D:6)
  4 gnolls
  A howler monkey skeleton (D:9)
  7 adders
  3 shadow imps
  3 white imps
  An adder zombie (D:9)
  A worm (D:2)
  3 leopard geckos
  11 orcs
  2 spectral bats (Ossuary)
  5 ball pythons
  7 bats
  4 giant cockroaches
  2 goblins
  5 hobgoblins
  6 jackals
  15 kobolds
  3 quokkas
  A bat simulacrum (Ossuary)
  3 frilled lizards
  6 gnoll zombies (Ossuary)
  3 goblin simulacra (Ossuary)
  4 goblin zombies (Ossuary)
  8 hobgoblin zombies (Ossuary)
  A jackal zombie (D:7)
  3 kobold simulacra (Ossuary)
  A kobold zombie (Ossuary)
  2 orc skeletons (D:7)
  7 orc zombies
  A quokka skeleton (D:4)
  9 rats
  4 rat simulacra (Ossuary)
  6 spectral goblins (Ossuary)
  5 spectral kobolds (Ossuary)
  2 spectral rats (Ossuary)
282 creatures vanquished.

Vanquished Creatures (collateral kills)
  A hydra (D:11)
  4 two-headed ogres
  A centaur warrior (D:11)
  The ghost of haldagan the Carver, a novice BaFi of Gozag (D:8)
  An unseen horror (D:10)
  An oklob plant (Lair:2)
  4 elephants (Lair:2)
  A black mamba (Lair:2)
  3 cane toads (Lair:2)
  4 komodo dragons
  A polar bear (Lair:2)
  A hornet (D:11)
  4 wraiths
  4 wyverns
  3 yaks (Lair:2)
  A soldier ant (D:11)
  2 orc warriors
  2 ice beasts (D:8)
  2 phantoms
  4 centaurs
  3 ogres
  2 wolves (Lair:1)
  A bullfrog (D:9)
  3 scorpions
  2 killer bees
  2 wights (D:8)
  2 hounds
  A quasit (D:9)
  A bullfrog zombie (D:8)
  An orc priest (D:11)
  A centaur skeleton (D:8)
  3 jellies
  A bullfrog skeleton (D:8)
  An iguana (D:10)
  A killer bee zombie (D:9)
  A hound zombie (D:11)
  2 orcs (D:8)
  A giant cockroach (D:8)
  A jackal (D:9)
  2 kobolds (D:11)
  A quokka (D:8)
78 creatures vanquished.

Vanquished Creatures (others)
  3 orc warriors
  2 orc priests (D:11)
  2 orc wizards
  10 orcs
  A quokka (D:9)
  6 fungi
  18 plants
  A withered plant (D:8)
43 creatures vanquished.

Grand Total: 403 creatures vanquished

Notes
Turn   | Place    | Note
-------+----------+-------------------------------------------
     0 | D:1      | Roikka the Hill Orc Monk began the quest for the Orb.
     0 | D:1      | Reached XP level 1. HP: 19/19 MP: 1/1
   283 | D:1      | Reached XP level 2. HP: 20/27 MP: 2/2
   830 | D:2      | Reached skill level 1 in Shields
   838 | D:2      | Reached skill level 1 in Armour
   838 | D:2      | Reached XP level 3. HP: 21/33 MP: 3/3
  1772 | D:3      | Found a sacrificial altar of Ru.
  1772 | D:3      | Noticed Natasha
  1784 | D:3      | Reached skill level 5 in Axes
  1795 | D:3      | Killed Natasha
  1795 | D:3      | Reached XP level 4. HP: 26/40 MP: 4/4
  1847 | D:3      | Noticed Natasha
  1861 | D:3      | Killed Natasha
  2102 | D:3      | Noticed Natasha
  2123 | D:3      | Killed Natasha
  2123 | D:3      | Reached XP level 5. HP: 24/47 MP: 5/5
  2904 | D:4      | Found a runed translucent gate.
  2904 | D:4      | Found a runed translucent gate.
  2906 | D:4      | Found a runed translucent gate.
  2906 | D:4      | Noticed Decritt's ghost (novice DECj)
  2909 | D:4      | Identified the +9 spear of Death {vorpal, MP+9}
  2910 | D:4      | Found a roughly hewn altar of Beogh.
  2933 | D:4      | Became a worshipper of Beogh the Brigand
  2933 | D:4      | Reached * piety under Beogh
  2933 | D:4      | Reached ** piety under Beogh
  2941 | D:4      | Killed Decritt's ghost
  2941 | D:4      | Reached skill level 6 in Axes
  3160 | D:4      | Found an iron altar of Okawaru.
  3182 | D:4      | Found a bloodstained altar of Trog.
  3384 | D:4      | Reached XP level 6. HP: 46/53 MP: 6/6
  3579 | D:4      | Found a hazy altar of Hepliaklqana.
  3793 | D:5      | Entered Level 5 of the Dungeon
  4077 | D:4      | Reached skill level 5 in Fighting
  4183 | D:4      | Reached skill level 7 in Axes
  4358 | D:5      | Found a staircase to the Ecumenical Temple.
  4363 | D:5      | Reached XP level 7. HP: 55/61 MP: 7/7
  4440 | Temple   | Entered the Ecumenical Temple
  5131 | D:6      | Reached skill level 8 in Axes
  5207 | D:6      | Reached XP level 8. HP: 63/70 MP: 8/8
  5244 | D:6      | Found a blossoming altar of Fedhas.
  5293 | D:6      | Reached skill level 1 in Invocations
  5506 | D:6      | Found an opulent altar of Gozag.
  5627 | D:6      | Reached skill level 9 in Axes
  5994 | D:7      | Reached *** piety under Beogh
  6053 | D:7      | Found a sand-covered staircase.
  6070 | Ossuary  | Entered an ossuary
  6295 | Ossuary  | Reached skill level 5 in Armour
  6357 | Ossuary  | Reached **** piety under Beogh
  6358 | Ossuary  | Reached XP level 9. HP: 78/78 MP: 12/12
  6588 | Ossuary  | Reached skill level 5 in Invocations
  6823 | D:7      | Found a hide-covered altar of Uskayaw.
  7392 | D:7      | Found a snail-covered altar of Cheibriados.
  7482 | D:8      | Reached skill level 10 in Axes
  7518 | D:8      | Found a glowing golden altar of the Shining One.
  7570 | D:8      | Noticed a two-headed ogre
  7577 | D:8      | HP: 1/79 [two-headed ogre/cursed -3 giant club (18)]
  7577 | D:8      | Killed a two-headed ogre
  7962 | D:8      | Reached skill level 11 in Axes
  8640 | D:8      | Noticed a cyclops
  8642 | D:8      | Killed a cyclops
  8642 | D:8      | Reached XP level 10. HP: 88/88 MP: 11/16
  8660 | D:8      | Killed an unseen horror
  8884 | D:8      | Found a shadowy altar of Dithmenos.
  8964 | D:8      | Found a runed translucent door.
  8964 | D:8      | Noticed haldagan's ghost (novice BaFi)
  8984 | D:8      | Killed haldagan's ghost
  8984 | D:8      | Reached skill level 12 in Axes
  9162 | D:8      | Got a shimmering ruby amulet
  9163 | D:8      | Identified the amulet "Deukkuto" {Reflect +Inv rF+ rC+
                  | SH+5} (You found it on level 8 of the Dungeon)
  9619 | D:9      | Noticed a two-headed ogre
  9628 | D:9      | Killed a two-headed ogre
  9628 | D:9      | Reached skill level 1 in Evocations
  9880 | D:9      | Noticed a cane toad
  9895 | D:9      | Killed a cane toad
 10077 | D:9      | Reached XP level 11. HP: 90/97 MP: 18/18
 10091 | D:9      | Reached skill level 13 in Axes
 10485 | D:9      | Noticed a two-headed ogre
 10496 | D:9      | Killed a two-headed ogre
 10496 | D:9      | Reached skill level 10 in Invocations
 10581 | D:9      | Found a white marble altar of Elyvilon.
 10685 | D:9      | Gained Wargrak as an ally
 10999 | D:10     | Entered Level 10 of the Dungeon
 11054 | D:10     | Noticed Erica
 11065 | D:10     | Killed Erica
 11526 | D:10     | Killed an unseen horror
 12144 | D:11     | Found a large runed translucent door.
 12144 | D:11     | Found a large runed translucent door.
 12148 | D:11     | Noticed a centaur warrior
 12161 | D:11     | Noticed a two-headed ogre
 12165 | D:11     | Noticed a two-headed ogre
 12205 | D:11     | Noticed Psyche
 12215 | D:11     | Killed Psyche
 12324 | D:11     | Noticed Josephine
 12342 | D:11     | Killed Josephine
 12377 | D:11     | Reached skill level 10 in Fighting
 12728 | D:11     | Gained Ogrik as an ally
 12836 | D:11     | Noticed a cyclops
 12846 | D:11     | Killed a cyclops
 13052 | D:11     | Reached XP level 12. HP: 106/106 MP: 20/20
 13071 | D:11     | Reached skill level 14 in Axes
 13118 | D:11     | Reached ***** piety under Beogh
 13321 | D:11     | Found a staircase to the Lair.
 13637 | D:11     | Found a staircase to the Orcish Mines.
 13722 | D:11     | Found an iron altar of Okawaru.
 13726 | D:11     | Killed a centaur warrior
 13729 | D:11     | Killed a two-headed ogre
 13731 | D:11     | Killed a two-headed ogre
 13748 | D:11     | Found an iron altar of Okawaru.
 14089 | D:11     | Found the +3 warlock's mirror {reflect}
 14216 | Lair:1   | Entered Level 1 of the Lair of Beasts
 14301 | Lair:1   | Reached skill level 5 in Evocations
 14788 | Lair:1   | Noticed a seven-headed hydra
 14873 | D:11     | Your ally Ogrik died
 14874 | D:11     | Killed a seven-headed hydra
 15244 | Lair:1   | Noticed a seven-headed hydra
 15255 | Lair:1   | Killed an eight-headed hydra
 16572 | Lair:2   | Gained Hawl as an ally
 16625 | Lair:2   | Found the +7 sceptre of Torment {pain, torment}
 16625 | Lair:2   | Noticed a five-headed hydra
 16638 | Lair:2   | Killed a six-headed hydra
 16638 | Lair:2   | Reached skill level 5 in Dodging
 17110 | Lair:2   | HP: 4/110 [acid (17)]
 17112 | Lair:2   | Reached XP level 13. HP: 5/116 MP: 22/22
 17113 | Lair:2   | Splashed by an oklob plant's acid

Illustrated notes

Levels and vault maps discovered:
D:1:      noname_arrival_rooms_in_the_neighbourhood, layout_basic
D:2:      layout_loops_corners, minmay_tetromino_i4
D:3:      layout_loops_cross, old_standard_altar, serial_aquarium,
          aquarium_bridge_square [aquarium_subvault_window,
          aquarium_subvault_bridge, aquarium_subvault_bridge,
          aquarium_subvault_window], aquarium_window_3, aquarium_window_fake,
          aquarium_window_fake, aquarium_window_fake, aquarium_view_2g,
          aquarium_view_2c, aquarium_balcony_5b, chequers_garden, uniq_natasha
D:4:      layout_basic, kennysheep_mini, okawaru_metal_pillars_3,
          biasface_ghost_orc_armoury, minmay_misc_feat_encased, bloody_trog
D:5:      layout_cave_pools, minmay_temple_entry_offerings,
          chequers_serial_rivers_micro_c, kennysheep_doodads
D:6:      minmay_octagon_keep, layout_basic, kennysheep_mini_moat,
          overflow_temple_1_default
D:7:      layout_gridville, old_standard_altar, overflow_temple_1_default,
          nicolae_ossuary_entry_catacombs, minmay_misc_feat_hallway,
          minmay_fire_ice_demons
D:8:      layout_basic, nicolae_dithmenos_through_a_glass_darkly,
          tso_metal_star, gammafunk_ghost_grave, minmay_misc_feat_diagonals,
          nzn_random_ring
D:9:      layout_loops_ring, elyvilon_altar_4, serial_glass, glass_columns_c,
          glass_columns_b, grunt_potential
D:10:     layout_layer_cave, uniq_erica
D:11:     okawaru_arena_lexackson, layout_long_grid, erik_lair_dragon,
          orc_0_dummy, hangedman_abyss_or_decor_stabs, uniq_psyche,
          uniq_josephine
Temple:   nicolae_temple_hex_pool
Lair:1:   layout_regular_city
Lair:2:   layout_loops_ring, minmay_holes, beast_lair_carwin_1,
          minmay_lair_oklob_chamber, infiniplex_staircase_pool

Skill      XL: |  1  2  3  4  5  6  7  8  9 10 11 12 |
---------------+-------------------------------------+-----
Shields        | 1 2 3 4 |  4.0
Armour         | 1 2 3 4 5 6 7 8 9 |  9.9
Fighting       | 4 5 6 8 9 10 11 | 11.3
Axes           | 5 6 7 8 9 11 12 13 14 | 14.8
Invocations    | 4 8 9 10 12 | 12.1
Evocations     | 2 4 5 |  5.0
Dodging        | 3 5 |  5.2
Stealth        | |  1.5

Action                   |  1- 3 |  4- 6 |  7- 9 | 10-12 | 13-15 || total
-------------------------+-------+-------+-------+-------+-------++-------
Melee: Hand axe          |   128 |   178 |   526 |   655 |       ||  1487
       Flail             |       |       |       |     4 |       ||     4
Invok: Convert to Beogh  |       |     1 |       |       |       ||     1
       Smiting           |       |       |     3 |     8 |       ||    11
       Recall Orcish Fol |       |       |       |     2 |       ||     2
Evoke: Wand              |       |       |       |     3 |       ||     3
  Use: Scroll            |       |     6 |    10 |     7 |       ||    23
       Potion            |       |       |       |     1 |       ||     1
 Stab: Distracted        |       |       |     1 |     4 |       ||     5
Armor: Chain mail        |    78 |   106 |   202 |       |       ||   386
       Robe              |     2 |       |       |       |       ||     2
       Plate armour      |       |       |     4 |   273 |     1 ||   278
Dodge: Dodged            |    32 |    53 |   110 |   121 |       ||   316
Block: Buckler           |    32 |    64 |   108 |   333 |       ||   537
       Reflection        |       |       |       |    10 |       ||    10

Table legend: (Time is in decaauts)
 A = Elapsed time spent in this place.
 B = Non-inter-level travel time spent in this place.
 C = Inter-level travel time spent in this place.
 D = Time resting spent in this place.
 E = Time spent auto-exploring this place.
 F = Levels seen in this place.
 G = Mean time per level.
                   A        B        C        D        E       F      G
               +--------+--------+--------+--------+--------+-----+--------+
         Total |  16880 |  15942 |    938 |   4748 |   7243 |  15 | 1125.3 |
       Dungeon |  13827 |  12958 |    869 |   3604 |   6333 |  11 | 1257.0 |
        Temple |      1 |      1 |      0 |      0 |      0 |   1 |    1.0 |
          Lair |   2375 |   2306 |     69 |   1004 |    772 |   2 | 1187.5 |
       Ossuary |    675 |    675 |      0 |    140 |    138 |   1 |  675.0 |
               +--------+--------+--------+--------+--------+-----+--------+

Top non-repeatable levels by time:
    D:11: 2142 daAuts
     D:8: 2105 daAuts
     D:4: 1552 daAuts
     D:9: 1428 daAuts
    D:10: 1219 daAuts
  Lair:1: 1194 daAuts
  Lair:2: 1181 daAuts
     D:2: 1117 daAuts
     D:7: 998 daAuts
     D:3: 968 daAuts
     D:1: 829 daAuts
     D:6: 794 daAuts
 Ossuary: 675 daAuts
     D:5: 669 daAuts
  Temple: 1 daAuts
